 Dungeon Crawl Stone Soup version 0.23.2-1-ga50397a (webtiles) character file.

Game seed: 2068284530536249185

7212 xveg the Slinger (level 11, -12/72 HPs)
             Began as a Halfling Hunter on May 15, 2019.
             Was an Initiate of Gozag.
             Mangled by a yak (38 damage)
             ... on level 8 of the Dungeon.
             The game lasted 00:15:58 (7435 turns).

xveg the Slinger (Halfling Hunter)                  Turns: 7435, Time: 00:15:59

Health: -12/72     AC: 18    Str: 16    XL:     11   Next: 33%
Magic:  11/11      EV:  9    Int: 12    God:    Gozag
Gold:   1031       SH:  0    Dex: 16    Spells: 10/10 levels left

rFire    . . .     SeeInvis +   a - +4 hunting sling
rCold    . . .     Gourm    .   B - +0 buckler
rNeg     . . .     Faith    .   e - +4 plate armour (curse)
rPois    .         Spirit   .   G - +0 hat {Int+3}
rElec    .         Reflect  .   (no cloak)
rCorr    .         Harm     .   (no gloves)
MR       +....                  (no boots)
Stlth    ..........             (no amulet)
HPRegen  0.22/turn              t - ring of see invisible
MPRegen  0.12/turn              z - ring of protection from magic

@: sleeping
A: small, mutation resistance 1
a: Potion Petition, Call Merchant, Bribe Branch, Renounce Religion


You were on level 8 of the Dungeon.
You worshipped Gozag.
Gozag was most pleased with you.
You were not hungry.

You visited 2 branches of the dungeon, and saw 9 of its levels.
You also visited: Sewer.

You collected 1540 gold pieces.
You spent 450 gold pieces at shops.
You paid 59 gold pieces to Gozag.

Inventory:

Hand Weapons
 a - a +4 hunting sling (weapon)
 b - a +0 short sword
 w - a +0 arbalest
Missiles
 d - 23 sling bullets (quivered)
 g - 336 stones
 x - 68 bolts
Armour
 c - a +0 leather armour
 e - a cursed +4 plate armour (worn)
 B - a +0 buckler (worn)
 G - a +0 hat of intelligence (worn)
Magical Staves
 u - an uncursed staff of air {unknown}
Jewellery
 t - a ring of see invisible (left hand)
 z - a ring of protection from magic (right hand)
 C - an uncursed ring of protection from cold
Wands
 y - a wand of random effects (22)
 D - a wand of polymorph (3)
Scrolls
 h - 11 scrolls of identify
 i - 3 scrolls of fear
 j - 2 scrolls of teleportation
 k - a scroll of blinking
 l - 4 scrolls of fog
 o - a scroll of magic mapping {unknown}
 v - 5 scrolls of remove curse
 A - 2 scrolls of random uselessness
Potions
 m - 4 potions of might
 n - a potion of lignification
 p - 2 potions of agility
 q - 10 potions of curing
 r - a potion of degeneration {unknown}
 s - a potion of ambrosia
 E - a potion of flight
 F - 2 potions of brilliance
Comestibles
 f - 16 rations


   Skills:
 - Level 5.5 Fighting
 - Level 13.6 Slings
 * Level 8.0 Crossbows
 + Level 9.8 Armour
 + Level 4.0 Dodging
 + Level 2.6 Stealth
 + Level 4.1 Shields


You had 10 spell levels left.
You didn't know any spells.
Your spell library was empty.

Dungeon Overview and Level Annotations

Branches:
Dungeon (8/15)             Temple (1/1) D:4
   Lair: D:8-11

Altars:
Ashenzari
Cheibriados
Dithmenos
Elyvilon
Fedhas
Gozag
Hepliaklqana
Kikubaaqudgha
Makhleb
Nemelex Xobeh
Okawaru
Qazlal
Ru
Sif Muna
Trog
Uskayaw
Vehumet
Wu Jian
Xom
Yredelemnul
Zin
The Shining One

Shops:
D:4 ?

Annotations:
D:3 2 transporters


Innate Abilities, Weirdness & Mutations

You are small and have problems with some larger weapons.
You are somewhat resistant to further mutation.


Message History

You fall asleep.
The yak gores you!!!
You wake up.
Ouch! That really hurt!
You are too injured to fight recklessly!
You are too injured to fight recklessly!
Unknown command.
You are too injured to fight recklessly!
You are too injured to fight recklessly!
Firing (i - inventory. (/) - cycle)
d - 24 sling bullets (quivered)
Press: ? - help, Shift-Dir - straight line, f/p - yak
Aim: a yak (heavily wounded)
You shoot a sling bullet. The sling bullet barely misses the yak.
The sling bullet hits the dream sheep.
The dream sheep is moderately wounded.
The dream sheep shake their wool and sparkle.
You feel drowsy...
You fall asleep.
The yak gores you!!!
Ouch! That really hurt!
You die...
Your body crumbles into a pile of gold.

.....#P≈≈.(P..##..#
##........
.....#≈≈P.$...#...#
#.........
.....#P≈((.%..#...##
#..#......
.#...#PP≈(Y.≈.###..##
##..###....
##########Y#### ##..#
#..## ###.. # #Y#
##.###..# ### ## #.#
#......## .#
#.#########...#..##
.#
#.YYY.Y@.#..####..##
.# ######......#
##..### ## ##..#..#
##...## # ####.##
###..# # #.# #### ###


You could see 2 yaks and 2 dream sheep.

Vanquished Creatures
  Gastronok (D:8)
  Harold (D:7)
  Pikel (D:5)
  Joseph (D:8)
  Psyche (D:8)
  Menkaure (D:6)
  Edmund (D:6)
  3 orc warriors (D:7)
  A phantom (D:5)
  3 ogres
  2 necrophages
  A slave (D:5)
  4 centaurs
  The ghost of Drilltosky the Conjurer, an amateur OpCj (D:4)
  A crocodile (D:7)
  4 big kobolds
  3 bullfrogs
  2 scorpions
  A water moccasin skeleton (D:5)
  4 wights (D:7)
  A howler monkey (D:4)
  3 crimson imps
  A jelly (D:6)
  A centaur zombie (D:6)
  5 hounds
  6 orc priests
  An iguana (D:8)
  11 orc wizards
  3 centaur skeletons
  Natasha (thrice) (D:4)
  5 worker ants
  A worker ant zombie (D:6)
  10 gnolls
  8 adders
  6 river rats
  A shadow imp (D:6)
  An adder skeleton (D:4)
  3 worms
  4 leopard geckos
  34 orcs
  4 ball pythons (Sewer)
  7 bats
  9 giant cockroaches
  8 hobgoblins
  6 jackals
  4 quokkas
  7 frilled lizards
  4 goblins
  2 jackal skeletons
  A jackal zombie (D:5)
  24 kobolds
  A quokka skeleton (D:7)
  28 rats
250 creatures vanquished.

Notes
Turn   | Place    | Note
-------+----------+-------------------------------------------
     0 | D:1      | xveg the Halfling Hunter began the quest for the Orb.
     0 | D:1      | Reached XP level 1. HP: 14/14 MP: 1/1
    73 | D:1      | Reached skill level 6 in Slings
   139 | D:1      | Reached XP level 2. HP: 19/19 MP: 2/2
   604 | D:2      | Reached XP level 3. HP: 24/24 MP: 3/3
   633 | D:2      | Reached skill level 7 in Slings
   648 | D:2      | Reached XP level 4. HP: 8/29 MP: 4/4
  1092 | D:3      | Reached skill level 1 in Armour
  1098 | D:3      | Reached skill level 8 in Slings
  1098 | D:3      | Reached XP level 5. HP: 34/34 MP: 5/5
  1201 | D:3      | Found a transporter.
  1263 | D:3      | Found a transporter.
  1748 | D:4      | Reached XP level 6. HP: 40/40 MP: 6/6
  1755 | D:4      | Reached skill level 9 in Slings
  1760 | D:4      | Found Loikh's Magic Scroll Boutique.
  1775 | D:4      | Bought a scroll of enchant weapon for 75 gold pieces
  1915 | D:4      | Found a staircase to the Ecumenical Temple.
  2023 | Temple   | Entered the Ecumenical Temple
  2043 | Temple   | Became a worshipper of Gozag Ym Sagoz the Greedy
  2104 | D:4      | Found a large runed translucent door.
  2104 | D:4      | Found a large runed translucent door.
  2105 | D:4      | Noticed Drilltosky's ghost (amateur OpCj)
  2142 | D:4      | Noticed Natasha
  2147 | D:4      | Killed Natasha
  2147 | D:4      | Reached XP level 7. HP: 45/45 MP: 7/7
  2163 | D:4      | Reached skill level 10 in Slings
  2637 | D:5      | Entered Level 5 of the Dungeon
  2659 | D:5      | Found a sacrificial altar of Ru.
  2845 | D:5      | Reached skill level 11 in Slings
  2875 | D:5      | Found a shadowy altar of Dithmenos.
  2898 | D:5      | Reached XP level 8. HP: 48/52 MP: 8/8
  3143 | D:5      | Noticed Pikel
  3161 | D:5      | Killed Pikel
  3161 | D:5      | Reached skill level 12 in Slings
  3443 | D:4      | Noticed Natasha
  3448 | D:4      | Killed Natasha
  3469 | D:4      | Bought 2 scrolls of enchant weapon for 150 gold pieces
  3484 | D:4      | Noticed Natasha
  3488 | D:4      | Killed Natasha
  3690 | D:4      | Killed Drilltosky's ghost
  3827 | D:6      | Reached skill level 13 in Slings
  3827 | D:6      | Reached XP level 9. HP: 59/59 MP: 9/9
  3881 | D:6      | Reached skill level 5 in Fighting
  4045 | D:6      | Found a glowing silver altar of Zin.
  4050 | D:6      | Noticed Edmund
  4055 | D:6      | Killed Edmund
  4148 | D:6      | Noticed Menkaure
  4151 | D:6      | Killed Menkaure
  4151 | D:6      | Reached skill level 1 in Crossbows
  4340 | D:6      | Found a glowing drain.
  4391 | Sewer    | Entered a sewer
  4779 | Sewer    | Reached skill level 1 in Shields
  5336 | D:7      | Noticed Harold
  5378 | D:7      | Killed Harold
  5378 | D:7      | Reached XP level 10. HP: 60/66 MP: 10/10
  5387 | D:7      | Reached skill level 5 in Crossbows
  6245 | D:7      | Found a burning altar of Makhleb.
  6246 | D:7      | Found a sparkling altar of Nemelex Xobeh.
  6246 | D:7      | Found a shimmering altar of Xom.
  6250 | D:7      | Found a hazy altar of Hepliaklqana.
  6250 | D:7      | Found a shattered altar of Ashenzari.
  6251 | D:7      | Found a shadowy altar of Dithmenos.
  6438 | D:4      | Bought 3 scrolls of enchant armour for 225 gold pieces
  7033 | D:8      | Noticed Joseph
  7045 | D:8      | Killed Joseph
  7046 | D:8      | Noticed Gastronok
  7078 | D:8      | Killed Gastronok
  7078 | D:8      | Reached XP level 11. HP: 50/72 MP: 11/11
  7130 | D:8      | Noticed Psyche
  7140 | D:8      | Killed Psyche
  7435 | D:8      | Mangled by a yak

Skill      XL: |  1  2  3  4  5  6  7  8  9 10 11 |
---------------+----------------------------------+-----
Slings         | 6 7 8 9 11 13 | 13.6
Fighting       | 2 3 4 5 |  5.5
Armour         | 1 2 3 6 9 |  9.8
Crossbows      | 4 7 8 |  8.0
Shields        | 2 3 4 |  4.1
Dodging        | 3 4 |  4.0
Stealth        | 2 |  2.6

Action                   |  1- 3 |  4- 6 |  7- 9 | 10-12 || total
-------------------------+-------+-------+-------+-------++-------
 Fire: Hunting sling     |    71 |   149 |   399 |   314 ||   933
Throw: Throwing net      |       |       |       |    19 ||    19
  Use: Scroll            |       |     8 |     5 |     3 ||    16
       Potion            |       |       |    10 |     1 ||    11
  Eat: Chunk             |       |     3 |       |       ||     3
       Ration            |       |       |     4 |     1 ||     5
Armor: Leather armour    |     3 |     2 |       |       ||     5
       Plate armour      |       |     8 |    46 |    14 ||    68
       Skin              |       |       |     2 |    20 ||    22
Dodge: Dodged            |    19 |    13 |    24 |    21 ||    77
Block: Buckler           |       |       |     8 |    13 ||    21
